 Dungeon Crawl Stone Soup version 0.22-a0-307-g2b15929 (webtiles) character file.

2108 xccam the Cleaver (level 9, -2/64 HPs)
             Began as a Formicid Fighter on Apr 1, 2018.
             Was a Believer of Cheibriados.
             Slain by an orc warrior
             ... wielding a +0 mace
              (15 damage)
             ... on level 7 of the Dungeon.
             The game lasted 00:07:29 (4834 turns).

xccam the Cleaver (Formicid Fighter)                Turns: 4834, Time: 00:07:29

Health: -2/64      AC:  8    Str: 28    XL:     9   Next: 53%
Magic:  18/18      EV: 10    Int: 13    God:    Cheibriados [**....]
Gold:   293        SH: 12    Dex: 16    Spells: 8/8 levels left

rFire    . . .     SeeInvis +   a - +0 war axe
rCold    . . .     Gourm    .   c - +0 shield
rNeg     . . .     Faith    .   b - +0 scale mail
rPois    .         Spirit   .   (helmet unavailable)
rElec    .         Reflect  .   A - +0 cloak
rCorr    .         Harm     .   (no gloves)
MR       .....                  (no boots)
Stlth    ..........             (no amulet)
HPRegen  0.20/turn              s - ring of magical power
MPRegen  0.16/turn              (no ring)

@: very slow
A: permanent stasis, dig shafts and tunnels, four strong arms, antennae 3
a: Dig, Shaft Self, Bend Time, Renounce Religion


You were on level 7 of the Dungeon.
You worshipped Cheibriados.
Cheibriados was pleased with you.
You were not hungry.

You visited 2 branches of the dungeon, and saw 8 of its levels.

You collected 293 gold pieces.

Inventory:

Hand Weapons
 a - a +0 war axe (weapon)
Armour
 b - a +0 scale mail (worn)
 c - a +0 shield (worn)
 z - a +0 plate armour
 A - a +0 cloak (worn)
Jewellery
 s - a ring of magical power (left hand)
 w - a +1 ring of evasion {unknown}
Wands
 n - a wand of disintegration (5)
 t - a wand of acid (6)
 x - a wand of flame (37)
 y - a wand of polymorph (15)
Scrolls
 d - a scroll of noise {unknown}
 e - 4 scrolls of remove curse {unknown}
 g - a scroll of magic mapping {unknown}
 h - 4 scrolls of amnesia {unknown}
 i - 4 scrolls of enchant weapon {unknown}
 j - 10 scrolls of identify {unknown}
 k - 5 scrolls of teleportation {unknown}
 m - 3 scrolls of fog {unknown}
 q - a scroll of enchant armour {unknown}
 r - a scroll of fear {unknown}
Potions
 l - a potion of resistance
 p - 2 potions of degeneration {unknown}
 u - a potion of magic {unknown}
 v - 2 potions of invisibility {unknown}
 B - a potion of berserk rage {unknown}
Comestibles
 f - 15 rations


   Skills:
 - Level 3.2 Fighting
 - Level 10.1 Axes
 - Level 3.2 Armour
 + Level 8.7 Shields


You had 8 spell levels left.
You didn't know any spells.

Dungeon Overview and Level Annotations

Branches:
Dungeon (7/15)             Temple (1/1) D:4

Altars:
Cheibriados
Dithmenos
Elyvilon
Gozag
Hepliaklqana
Okawaru
Qazlal
Ru
Uskayaw
Vehumet
Yredelemnul
Zin

Shops:
D:7 %[


Innate Abilities, Weirdness & Mutations

You cannot be hasted, slowed, berserked, paralysed or teleported.
You can dig through walls and to a lower floor.
Your four strong arms can wield two-handed weapons with a shield.
You have a pair of large antennae on your head. (SInv)


Message History

You hit the jackal. The jackal closely misses you. The orc warrior misses you.
You hit the orc warrior.
The orc warrior is moderately wounded.
You barely miss the jackal. You block the jackal's attack.
You block the orc warrior's attack. You block the jackal's attack.
You hit the orc warrior but do no damage.
The orc warrior is moderately wounded.
You closely miss the jackal. The jackal bites you.
You block the orc warrior's attack.
You closely miss the orc warrior.
The orc warrior is moderately wounded.
You slash the jackal!
You kill the jackal!
Cheibriados thoroughly appreciates the change of pace.
Your scale mail prevents you from hitting the orc warrior.
The orc warrior is moderately wounded.
The orc warrior hits you with a mace!!
* * * LOW HITPOINT WARNING * * *
You feel better. The orc warrior hits you with a mace!
You die...

##..........
.....(....#.
##.######.#.# .
.........<#.# ..
##.####+#.#.# ...
......+ +[#.##### ....
......#+#.#.#...# {.....
........#.#.#...##o.....
........#{#..[.†@oo.....
##.####.#.#.#...##o.....
#........#.#...# .....{
#..#####.#.#...# ....
#..# #.#.##### ### .
#..# #.#.# ######....
#..# #.#.# #......[.#
#..#####.#># ##.########
#........#.# ###.......#


You could see an orc warrior, an orc priest and 2 orcs.

Vanquished Creatures
  The ghost of xccam the Chopper, an amateur FoFi (D:3)
  Grinder (D:5)
  Sigmund (D:4)
  Prince Ribbit (D:5)
  Edmund (D:6)
  Duvessa (D:5)
  An ice beast (D:7)
  3 ogres
  A centaur (D:6)
  Dowan (D:5)
  2 howler monkeys (D:6)
  2 hounds (D:7)
  A jelly (D:7)
  3 orc priests
  Crazy Yiuf (D:6)
  Ijyb (D:4)
  2 iguanas
  5 worker ants
  A hound skeleton (D:5)
  3 gnolls (D:6)
  A howler monkey skeleton (D:6)
  3 adders
  An ooze (D:7)
  An adder skeleton (D:3)
  3 worms
  5 dart slugs
  5 leopard geckos
  19 orcs
  7 giant cockroaches
  6 goblins
  7 hobgoblins
  11 jackals
  7 kobolds
  A quokka (D:2)
  A ball python (D:1)
  2 bats (D:2)
  8 frilled lizards
  A quokka skeleton (D:4)
  10 rats
132 creatures vanquished.

Notes
Turn   | Place    | Note
-------+----------+-------------------------------------------
     0 | D:1      | xccam the Formicid Fighter began the quest for the Orb.
     0 | D:1      | Reached XP level 1. HP: 18/18 MP: 1/1
   123 | D:1      | Reached XP level 2. HP: 24/24 MP: 2/2
   423 | D:1      | Reached skill level 3 in Axes
   460 | D:1      | Reached XP level 3. HP: 15/29 MP: 3/3
  1060 | D:2      | Reached skill level 4 in Axes
  1060 | D:2      | Reached XP level 4. HP: 29/35 MP: 4/4
  1441 | D:3      | Noticed xccam's ghost (amateur FoFi)
  1451 | D:3      | Killed xccam's ghost
  1451 | D:3      | Reached skill level 6 in Axes
  1451 | D:3      | Reached XP level 5. HP: 26/41 MP: 5/5
  1451 | D:3      | Reached XP level 6. HP: 30/47 MP: 6/6
  1948 | D:4      | Reached XP level 7. HP: 41/52 MP: 7/7
  1972 | D:4      | Found a staircase to the Ecumenical Temple.
  1985 | Temple   | Entered the Ecumenical Temple
  2000 | Temple   | Became a worshipper of Cheibriados the Contemplative
  2046 | D:4      | Reached skill level 7 in Axes
  2244 | D:4      | Noticed Ijyb
  2251 | D:4      | Killed Ijyb
  2566 | D:4      | Noticed Sigmund
  2574 | D:4      | Killed Sigmund
  2574 | D:4      | Reached skill level 8 in Axes
  2668 | D:4      | Reached XP level 8. HP: 13/58 MP: 8/8
  2921 | D:4      | Found a shadowy altar of Dithmenos.
  2927 | D:4      | Found a hazy altar of Hepliaklqana.
  2931 | D:4      | Found a basalt altar of Yredelemnul.
  2938 | D:4      | Found a radiant altar of Vehumet.
  2944 | D:4      | Reached * piety under Cheibriados
  2953 | D:4      | Found a sacrificial altar of Ru.
  2959 | D:4      | Found a stormy altar of Qazlal.
  2963 | D:4      | Found an opulent altar of Gozag.
  3020 | D:5      | Entered Level 5 of the Dungeon
  3053 | D:5      | Noticed Prince Ribbit
  3072 | D:5      | Killed Prince Ribbit
  3072 | D:5      | Reached skill level 9 in Axes
  3461 | D:5      | Noticed Grinder
  3480 | D:5      | Killed Grinder
  3551 | D:5      | Noticed Duvessa
  3551 | D:5      | Noticed Dowan
  3563 | D:5      | Killed Duvessa
  3563 | D:5      | Reached skill level 10 in Axes
  3570 | D:5      | Killed Dowan
  3971 | D:6      | Reached skill level 5 in Shields
  3971 | D:6      | Reached XP level 9. HP: 48/64 MP: 9/9
  3996 | D:6      | Found a runed door.
  4000 | D:6      | Noticed Crazy Yiuf
  4009 | D:6      | Killed Crazy Yiuf
  4080 | D:6      | Reached ** piety under Cheibriados
  4090 | D:6      | Noticed Edmund
  4096 | D:6      | Killed Edmund
  4440 | D:6      | Found a white marble altar of Elyvilon.
  4581 | D:7      | Found Sorhaun's Food Shoppe.
  4646 | D:7      | Found Utennoaps's Antique Armour Shoppe.
  4834 | D:7      | Slain by an orc warrior

Vault maps used:
D:1:      dpeg_arrival_rooms_a
D:4:      grunt_temple_overflow_octagram, minmay_temple_entry_statues_pillars,
          first_ration, kennysheep_minor_cross, uniq_sigmund, uniq_ijyb
D:5:      uniq_grinder, uniq_prince_ribbit1, uniq_duvessa
D:6:      elyvilon_altar_5, uniq_edmund, uniq_crazy_yiuf_cottage
D:7:      serial_shops, nicolae_shop_overgrown_old_shop,
          nicolae_shop_behind_doors, kennysheep_little_box, shop,
          nicolae_shop_trees, grunt_ogre_cave, supply_closet_lemuel
Temple:   jpeg_temple_clearing

Skill      XL: |  1  2  3  4  5  6  7  8  9 |
---------------+----------------------------+-----
Axes           | 3 4 6 8 10 | 10.1
Shields        | 5 8 |  8.7
Fighting       | |  3.2
Armour         | |  3.2

Action                   |  1- 3 |  4- 6 |  7- 9 || total
-------------------------+-------+-------+-------++-------
Melee: War axe           |   115 |    87 |   235 ||   437
Evoke: Wand              |       |       |     4 ||     4
  Use: Potion            |       |     4 |     2 ||     6
 Stab: Invisible         |       |       |     1 ||     1
  Eat: Chunk             |     1 |     3 |     6 ||    10
Armor: Scale mail        |    51 |    32 |    42 ||   125
Dodge: Dodged            |    39 |    22 |    59 ||   120
Block: Shield            |    61 |    56 |   111 ||   228

Table legend:
 A = Spawn XP
 B = Non-spawn XP
 C = Spawn XP percentage of total XP
 D = Spawn monster count
 E = Non-spawn monster count
 F = Spawn count percentage of total count
 G = Total turns spent on level
                    A         B        C        D         E        F      G
               +---------+---------+-------+---------+---------+-------+---------
         Total |       0 |    3012 |   0.0 |       0 |     132 |   0.0 |  4834
               +---------+---------+-------+---------+---------+-------+---------
           D:1 |       0 |      38 |   0.0 |       0 |      22 |   0.0 |   854
           D:2 |       0 |      53 |   0.0 |       0 |      22 |   0.0 |   434
           D:3 |       0 |     402 |   0.0 |       0 |      21 |   0.0 |   639
           D:4 |       0 |     570 |   0.0 |       0 |      24 |   0.0 |  1062
           D:5 |       0 |     828 |   0.0 |       0 |      14 |   0.0 |   940
           D:6 |       0 |     809 |   0.0 |       0 |      18 |   0.0 |   616
           D:7 |       0 |     312 |   0.0 |       0 |      11 |   0.0 |   258
               +---------+---------+-------+---------+---------+-------+---------
